 Dungeon Crawl Stone Soup version 0.28.0-47-ge53b351184 (webtiles) character file.

Game seed: 8043313678076921745

25 L33tCrusader the Skirmisher (level 3, -7/30 HPs)
             Began as a Barachi Fighter on Apr 26, 2022.
             Mangled by a gnoll
             ... wielding a +0 halberd
              (9 damage)
             ... on level 2 of the Dungeon.
             The game lasted 00:02:52 (1071 turns).

L33tCrusader the Skirmisher (Barachi Fighter)       Turns: 1071, Time: 00:02:53

Health: -7/30      AC:  8    Str: 19    XL:     3   Next: 6%
Magic:  3/3        EV:  9    Int:  8    God:
Gold:   29         SH:  4    Dex: 11    Spells: 2/2 levels left

rFire   . . .      SeeInvis .   a - +0 flail
rCold   . . .      Faith    .   c - +0 buckler
rNeg    . . .      Spirit   .   b - +0 scale mail
rPois   .          Reflect  .   (no helmet)
rElec   .          Harm     .   k - +0 cloak
rCorr   .          Rampage  .   (no gloves)
Will    .....                   (no boots)
Stlth   ..........              (no amulet)
HPRegen 0.10/turn               (no ring)
MPRegen 0.08/turn               (no ring)

@: unable to hop, slow
A: amphibious, slowness 1, strong legs 1, +LOS
a: Hop


You were on level 2 of the Dungeon.
You visited 1 branch of the dungeon, and saw 2 of its levels.

You collected 29 gold pieces.

Inventory:

Hand Weapons
 a - a +0 flail (weapon)
Armour
 b - a +0 scale mail (worn)
 c - a +0 buckler (worn)
 k - a +0 cloak (worn)
Potions
 d - 2 potions of might
 e - 2 potions of flight {unknown}
 f - 2 potions of degeneration {unknown}
 g - 2 potions of mutation {unknown}
 h - a potion of berserk rage {unknown}
 i - a potion of haste {unknown}
 j - a potion of heal wounds {unknown}


   Skills:
 * Level 4.1 Fighting
 * Level 2.7 Maces & Flails
 + Level 4.0 Armour
 + Level 3.5 Shields


You had 2 spell levels left.
You didn't know any spells.
Your spell library was empty.

Dungeon Overview and Level Annotations

Branches:
Dungeon (2/15)

Altars:


Innate Abilities, Weirdness & Mutations

You are amphibious.
You cover ground slowly.
You can hop short distances.
You have an extended range of vision and can be seen from far away.


Message History

The gnoll shouts! x2
A gnoll comes into view.
It is wielding a +2 flail of protection.
A gnoll comes into view. It is wielding a +0 spear.
Found a faded altar of an unknown god.
Found an escape hatch in the ceiling.
Found a stone staircase leading up.
The gnoll shouts! x2
Found 17 gold pieces.
The gnoll hits you with a +0 whip.
The gnoll hits you from afar with a +0 halberd!
You thump the gnoll!
The gnoll is severely wounded.
The gnoll hits you with a +0 whip. The gnoll closely misses you.
You closely miss the gnoll.
The gnoll is severely wounded.
You block the gnoll's attack. The gnoll hits you but does no damage.
The gnoll hits you from afar with a +0 halberd!
* * * LOW HITPOINT WARNING * * *
The gnoll barely misses you.
Hop to where?
Press: ? - help, Q - select action Dir - move target Boing!
The gnoll hits you with a +0 whip.
* * * LOW HITPOINT WARNING * * *
Your legs are too worn out to hop.
Your legs are too worn out to hop.
The gnoll hits you but does no damage. You block the gnoll's attack.
Your legs are too worn out to hop.
The gnoll closely misses you. The gnoll completely misses you.
The gnoll hits you with a +0 whip.
* * * LOW HITPOINT WARNING * * *
The gnoll closely misses you. The gnoll barely misses you.
The gnoll hits you with a +0 whip.
* * * LOW HITPOINT WARNING * * *
The gnoll hits you but does no damage. The gnoll barely misses you.
Your legs are too worn out to hop.
You block the gnoll's attack.
The gnoll hits you from afar with a +0 halberd!
You die...

######..........###.
#.............†..##.
#............###....
######............#
#....
#...............###
###..
#........(.gg...#
#..
#........g..#.###
### #.........g.#...
# #.......@...#.###
# #...........#..
#.. +...............
#................
###+#######......
#....... ......#
......# ....


You could see 4 gnolls.

Vanquished Creatures
  2 ball pythons (D:1)
  3 endoplasms (D:1)
  2 giant cockroaches
  A goblin (D:1)
  2 hobgoblins (D:1)
  3 quokkas (D:1)
  A bat (D:1)
  5 frilled lizards (D:1)
  2 kobolds (D:1)
  3 rats (D:1)
24 creatures vanquished.

Notes
Turn   | Place    | Note
-------+----------+-------------------------------------------
     0 | D:1      | L33tCrusader the Barachi Fighter began the quest for the
                  | Orb.
     0 | D:1      | Reached XP level 1. HP: 18/18 MP: 1/1
   244 | D:1      | Reached XP level 2. HP: 25/25 MP: 2/2
   769 | D:1      | Reached XP level 3. HP: 30/30 MP: 3/3
  1023 | D:2      | Found a faded altar of an unknown god.
  1062 | D:2      | HP: 1/30 [gnoll/+0 whip (3)]
  1071 | D:2      | Mangled by a gnoll

Illustrated notes

Levels and vault maps discovered:
D:1:      lightli_arrival_boilingwater, layout_loops_ring
D:2:      layout_basic, nicolae_ecumenical_pavilion, minmay_quantized

Skill      XL: |  1  2 |
---------------+-------+-----
Fighting       | 4 |  4.1
Armour         | 4 |  4.0
Maces & Flails | |  2.7
Shields        | |  3.5

Action                   || total
-------------------------++-------
Melee: Flail             ||    65
 Abil: Hop               ||     1
Armor: Scale mail        ||    41
Dodge: Dodged            ||    46
Block: Buckler           ||    22
